 Dungeon Crawl Stone Soup version 0.30.0-5-g1a98f26d00 (webtiles) character file.

Game seed: 13026922719001762575

344903 Lobster4 the Earth Mage (level 21, -3/126 HPs)
             Began as a Deep Elf Earth Elementalist on May 11, 2023.
             Was the Champion of Vehumet.
             Slain by Mennas
             ... wielding a +1 eudemon blade of holy wrath
              (10 damage)
             ... on level 3 of the Vaults on May 12, 2023.
             The game lasted 03:47:16 (68250 turns).

Lobster4 the Earth Mage (DEEE)                     Turns: 68250, Time: 03:47:17

Health: -3/126     AC: 17    Str:  9    XL:     21   Next: 16%
Magic:  44/47      EV: 28    Int: 33    God:    Vehumet [******]
Gold:   5715       SH:  8    Dex: 20    Spells: 6/60 levels left

rFire   + + .        B - +9 staff of Olgreb {rPois∞}
rCold   + + .        Q - +1 buckler {reflect}
rNeg    + + .        S - +4 skin of Zhor {*Englaciate rC+++ SInv}
rPois   ∞            m - +2 helmet {Int+3}
rElec   .            M - +2 cloak
rCorr   .            t - +2 pair of gloves {Dex+3}
SInv    +            o - +0 pair of boots "Kososage" {rF+ rC- rN++ Dex+2}
Will    +++..        j - amulet of magic regeneration
Stlth   ++           x - +5 ring of evasion
HPRegen 0.41/turn    e - ring "Vuim" {rF+ Will+ Str+2 Slay+2}
MPRegen 0.70/turn

%: reflection
@: mighty, hasted, glowing, studying 2 skills, silenced, very quick
A: no striking features
}: 2/15 runes: decaying, serpentine
a: Renounce Religion, Evoke the Staff of Olgreb


You were on level 3 of the Vaults.
You worshipped Vehumet.
Vehumet was exalted by your worship.
You visited 8 branches of the dungeon, and saw 37 of its levels.
You also visited: Trove, Bailey, Gauntlet, Ice Cave and Wizlab.

You collected 6559 gold pieces.
You spent 844 gold pieces at shops.

Inventory:

Hand Weapons
 B - the +9 staff of Olgreb (weapon) {rPois∞}
   (You acquired it on level 1 of the Lair of Beasts)

   It enhances your poison magic.
   It grants immunity to poison.
   It can be activated via the 'a'bility menu to radiate toxic energy, with
   effectiveness depending on Evocations skill.
Armour
 m - a +2 helmet of intelligence (worn)
 o - the +0 pair of boots "Kososage" (worn) {rF+ rC- rN++ Dex+2}
   (You acquired it on level 4 of the Lair of Beasts)

   Dex:       It affects your dexterity (+2).
   rF:        It protects you from fire.
   rC:        It makes you vulnerable to cold.
   rN:        It greatly protects you from negative energy.
 t - a +2 pair of gloves of dexterity (worn)
 M - a +2 cloak (worn)
 Q - a +1 buckler of reflection (worn)
 S - the +4 skin of Zhor (worn) {*Englaciate rC+++ SInv}
   (You found it on level 1 of the Lair of Beasts)

   *Englaciate: It radiates cold, occasionally slowing all nearby creatures who
   are not resistant to cold.
   rC:        It renders you almost immune to cold.
   SInv:      It lets you see invisible.
Magical Staves
 c - the staff of fire "Tuubuil" {rPois rF+ rCorr Int+3 Dex+3}
   (You found it on level 3 of the Elven Halls)

   [staff of fire]

   Base accuracy: +5 Base damage: 5 Base attack delay: 1.2 This weapon's minimum
   attack delay (0.6) is reached at skill level 12.
   Int:       It affects your intelligence (+3).
   Dex:       It affects your dexterity (+3).
   rF:        It protects you from fire.
   rPois:     It protects you from poison.
   rCorr:     It protects you from acid and corrosion.
   It falls into the 'Staves' category.
   It is a one-handed weapon.
 X - the staff of earth "Vaq Roonen" {Drain +Blink Str+6 Int+2}
   (You acquired it on level 7 of the Dungeon)

   [staff of earth]

   Base accuracy: +5 Base damage: 5 Base attack delay: 1.2 This weapon's minimum
   attack delay (0.6) is reached at skill level 12.
   Str:       It affects your strength (+6).
   Int:       It affects your intelligence (+2).
   +Blink:    It lets you blink.
   Drain:     It drains your maximum health when unequipped.
   It falls into the 'Staves' category.
   It is a one-handed weapon.
Jewellery
 e - the ring "Vuim" (right hand) {rF+ Will+ Str+2 Slay+2}
   (You found it in a Gauntlet)

   [ring of willpower]

   Str:       It affects your strength (+2).
   Slay:      It affects your accuracy & damage with ranged weapons and melee
   (+2).
   rF:        It protects you from fire.
   Will:      It increases your willpower.
 j - an amulet of magic regeneration (around neck)
 x - a +5 ring of evasion (left hand)
 E - a ring of resist corrosion
 Y - a ring of flight
Wands
 i - a wand of light (16)
 r - a wand of digging (15)
 y - a wand of iceblast (43)
 N - a wand of mindburst (20)
 V - a wand of flame (46)
 W - a wand of paralysis (25)
Scrolls
 g - a scroll of silence
 l - a scroll of enchant armour
 A - 6 scrolls of immolation
 C - a scroll of enchant weapon
 F - 3 scrolls of poison
 G - 7 scrolls of blinking
 H - 3 scrolls of fear
 J - 3 scrolls of summoning
 O - 12 scrolls of teleportation
 T - a scroll of magic mapping
 Z - 13 scrolls of fog
Potions
 a - 13 potions of might
 f - 9 potions of curing
 h - 8 potions of lignification
 k - 8 potions of brilliance
 n - 6 potions of berserk rage
 p - 7 potions of cancellation
 q - 9 potions of heal wounds
 s - 5 potions of haste
 u - 2 potions of magic
 v - 3 potions of flight
 D - 10 potions of mutation
 K - 8 potions of invisibility
 L - 7 potions of resistance
 U - 7 potions of ambrosia
Miscellaneous
 b - a phantom mirror
 d - a phial of floods
 w - a lightning rod (4/4)
 z - a box of beasts (inert)


   Skills:
 + Level 11.7 Fighting
 - Level 2.0 Short Blades
 - Level 7.0 Staves
 - Level 3.0 Ranged Weapons
 - Level 2.0 Throwing
 + Level 6.9 Armour
 + Level 16.3 Dodging
 - Level 10.0 Stealth
 + Level 9.0 Shields
 * Level 20.4 Spellcasting
 + Level 14.6 Conjurations
 - Level 2.0 Transmutations
 + Level 7.8 Fire Magic
 - Level 3.0 Ice Magic
 + Level 7.7 Air Magic
 * Level 20.7 Earth Magic
 - Level 5.0 Poison Magic
 - Level 6.0 Evocations


You had 6 spell levels left.
You knew the following spells:

 Your Spells              Type           Power      Damage    Failure   Level
a - Sandblast             Erth           100%       2d20      0%          1
b - Stone Arrow           Conj/Erth      100%       3d13      0%          3
c - Iron Shot             Conj/Erth      50%        9d10      1%          6
d - Orb of Destruction    Conj           46%        9d12      1%          7
e - Magic Dart            Conj           100%       1d8       0%          1
f - Freezing Cloud        Conj/Ice/Air   37%        6-21      1%          5
g - Plasma Beam           Fire/Air       35%        2x1d53    2%          6
h - Fireball              Conj/Fire      41%        3d17      1%          5
i - Shatter               Erth           53%        3d40*     7%          9
l - Lee's Rapid Deconstr  Erth           53%        3d25*     0%          5
p - Passwall              Tmut/Erth      69%        N/A       1%          2
w - Flame Wave            Conj/Fire      83%        2d18      1%          4

Your spell library contained the following spells:

 Spells                   Type           Power      Damage    Failure   Level
 Chain Lightning          Conj/Air       41%        3d54      95%         9
 Fire Storm               Conj/Fire      41%        8d11      95%         9
 Searing Ray              Conj           100%       2d8       0%          2
 Apportation              Tloc           66%        N/A       1%          1
 Slow                     Hex            100%       N/A       1%          1
 Blink                    Tloc           66%        N/A       1%          2
 Cigotuvi's Dreadful Rot  Necr/Pois/Air  100%       N/A       1%          2
 Ensorcelled Hibernation  Hex/Ice        86%        N/A       1%          2
 Lesser Beckoning         Tloc           66%        N/A       1%          2
 Momentum Strike          Conj/Tloc      100%       3d10      1%          2
 Dazzling Flash           Conj/Hex       100%       N/A       1%          3
 Frozen Ramparts          Ice            100%       1d16      1%          3
 Hailstorm                Conj/Ice       75%        3d15      1%          3
 Ignite Poison            Fire/Tmut/Pois 79%        N/A       1%          3
 Inner Flame              Hex/Fire       56%        N/A       1%          3
 Mephitic Cloud           Conj/Pois/Air  96%        N/A       1%          3
 Vhi's Electric Charge    Tloc/Air       100%       N/A       1%          3
 Animate Armour           Summ/Erth      100%       N/A       1%          4
 Fulminant Prism          Conj/Hex       35%        3d18      1%          4
 Olgreb's Toxic Radiance  Pois           79%        N/A       1%          4
 Petrify                  Tmut/Erth      83%        N/A       1%          4
 Sticky Flame             Conj/Fire      83%        2d9       1%          4
 Arcjolt                  Conj/Air       41%        1d51      1%          5
 Irradiate                Conj/Tmut      36%        3d23      1%          5
 Iskenderun's Battlesphe  Conj           92%        2d14      1%          5
 Starburst                Conj/Fire      41%        6d12      1%          6
 Statue Form              Tmut/Erth      55%        N/A       1%          6
 Confusing Touch          Hex            33%        N/A       3%          3
 Tukima's Dance           Hex            33%        N/A       3%          3
 Vampiric Draining        Necr           33%        2d8       3%          3
 Ice Form                 Ice/Tmut       50%        N/A       4%          4
 Summon Ice Beast         Ice/Summ       43%        N/A       7%          4
 Yara's Violent Unravell  Hex/Tmut       20%        3d9       7%          5
 Silence                  Hex/Air        28%        N/A       8%          5
 Alistair's Intoxication  Tmut/Pois      47%        N/A       9%          5
 Cause Fear               Hex            16%        N/A       13%         4
 Dispel Undead            Necr           33%        3d14      13%         4
 Manifold Assault         Tloc           33%        N/A       13%         4
 Passage of Golubria      Tloc           33%        N/A       13%         4
 Blade Hands              Tmut           23%        N/A       16%         5
 Metabolic Englaciation   Hex/Ice        21%        N/A       19%         5
 Agony                    Necr           33%        N/A       34%         5
 Summon Forest            Summ/Tloc      16%        N/A       34%         5
 Summon Mana Viper        Hex/Summ       33%        N/A       34%         5
 Simulacrum               Ice/Necr       21%        N/A       71%         6
 Death Channel            Necr           16%        N/A       89%         6
 Summon Cactus Giant      Summ           16%        N/A       89%         6
 Lehudib's Crystal Spear  Conj/Erth      50%        10d12     1%          8
 Spellforged Servitor     Conj/Summ      35%        N/A       14%         7
 Ozocubu's Refrigeration  Ice            26%        4d13      58%         7
 Ignition                 Fire           35%        3d11      61%         8
 Maxwell's Capacitive Co  Air            35%        ∞         63%         8
 Dragon Form              Tmut           23%        N/A       99%         7
 Enfeeble                 Hex            16%        N/A       100%        7
 Haunt                    Necr/Summ      16%        N/A       100%        7
 Malign Gateway           Summ/Tloc      16%        N/A       100%        7
 Summon Horrible Things   Summ           16%        N/A       100%        8
 Dragon's Call            Summ           16%        N/A       100%        9
 Polar Vortex             Ice            26%        N/A       100%        9


Dungeon Overview and Level Annotations

Branches:
Dungeon (15/15)            Temple (1/1) D:6            Lair (5/5) D:10
  Swamp (4/4) Lair:3        Snake (4/4) Lair:3        Slime (0/5) Lair:4
    Orc (2/2) D:11            Elf (3/3) Orc:2        Vaults (3/5) D:13
  Crypt (0/3) Vaults:3     Depths (0/4) D:15         Bailey (visited)
  IceCv (visited)          WizLab (visited)         Gauntlet (visited)

Altars:
Ashenzari
Cheibriados
Dithmenos
Elyvilon
Fedhas
Gozag
Hepliaklqana
Kikubaaqudgha
Makhleb
Nemelex Xobeh
Okawaru
Qazlal
Ru
Sif Muna
Trog
Uskayaw
Vehumet
Wu Jian
Xom
Yredelemnul
Zin
The Shining One
Jiyva

Shops:
D:9 !   Orc:2 [*(=   Elf:2 (   Snake:3 [   Vaults:3 [

Annotations:
Vaults:3 Mennas


Message History

You're too confused to move!
Mennas gestures frantically.
Mennas's surroundings become eerily quiet.
You radiate an aura of cold.
Mennas resists.
Mennas hits you with a +1 eudemon blade of holy wrath.
Mennas barely misses you.
You feel better.
Mennas hits you with a +1 eudemon blade of holy wrath!!
Mennas hits you with a +1 eudemon blade of holy wrath!
Mennas attacks as you move away!
Mennas hits you with a +1 eudemon blade of holy wrath!!
Mennas barely misses you. Mennas attacks as you move away!
Mennas completely misses you.
Mennas hits you with a +1 eudemon blade of holy wrath!
* * * LOW HITPOINT WARNING * * *
You radiate an aura of cold.
Mennas resists.
Magic scrolls do not work when you're silenced!
Unknown command.
You feel much better.
Mennas hits you with a +1 eudemon blade of holy wrath! x2
* * * LOW HITPOINT WARNING * * *
Okay, then.
You feel much better.
Mennas hits you with a +1 eudemon blade of holy wrath!!
* * * LOW HITPOINT WARNING * * *
You block Mennas's attack.
You open the lid... ...and a larval fireox beast leaps out!
The box is emptied!
Mennas hits you with a +1 eudemon blade of holy wrath!
* * * LOW HITPOINT WARNING * * *
Mennas completely misses you.
You feel much better.
Mennas hits you with a +1 eudemon blade of holy wrath!
* * * LOW HITPOINT WARNING * * *
Mennas hits you with a +1 eudemon blade of holy wrath!
* * * LOW HITPOINT WARNING * * *
You feel very mighty all of a sudden.
Mennas blocks your larval fireox beast's attack.
Your larval fireox beast misses Mennas.
Mennas hits you with a +1 eudemon blade of holy wrath!
You die...

##..###...##.......# #........>.#
#....#....##[[[....# #..........#
#.........##=......# #..........#
#....####.##.......# #...)).....#
####......##.......# #..........#
# #####.###.......# #.........<#
# #.# #.......# #..........# #
#.# #.....H.# #.)........# # #.#
#....@A.######'#######
########.###.....................
##........##.....[...............
##........##....[................
##........##.......#############'
##........##.......# #..
##........##.......# #..
##........##.......# #..
##.[......##.......# #..


You could see Mennas (silencing, ally target) and a friendly larval fireox beast
(summoned, unsilenced).

Vanquished Creatures
  An ancient lich (WizLab)
  Mara (Vaults:2)
  Vashnia (Snake:4)
  A shard shrike (IceCv)
  Rupert (Lair:5)
  Jorgrun (Swamp:3)
  A tentacled monstrosity (Swamp:3)
  Asterion (Snake:4)
  Mlioglotl (Swamp:4)
  The ghost of Dadghomedgh the Thaumaturge, an adept GnHW of Sif Muna (Snake:3)
  4 deep elf blademasters (Elf:3)
  3 deep elf master archers (Elf:3)
  An ancient champion (WizLab)
  A thorn hunter (Swamp:4)
  Frances (Swamp:1)
  Agnes (Snake:4)
  A fenstrider witch (Swamp:4)
  A frost giant (Vaults:2)
  The ghost of Himoclorph the Warrior, a journeyman BaIE of Vehumet (Orc:1)
  6 vault wardens
  7 deep elf sorcerers
  4 orc warlords
  2 deep elf elementalists
  Aizul (Lair:3)
  9 ironbound preservers
  4 ironbound thunderhulks
  A very ugly thing (Vaults:2)
  7 deep elf demonologists
  A stone giant (D:15)
  2 eleionomae (Swamp:3)
  5 deep elf annihilators
  A minotaur (Gauntlet)
  6 dire elephants
  2 bunyips
  A white draconian (IceCv)
  6 deep elf death magi (Elf:3)
  2 ettins
  Josephine (Lair:5)
  The ghost of Taurus the Severer, a journeyman MiFi of the Shining One (Orc:2)
  An entropy weaver (Vaults:3)
  6 yaktaur captains
  5 great orbs of eyes
  3 deep elf high priests (Elf:3)
  A shambling mangrove (Swamp:2)
  A rakshasa (D:14)
  16 hydras
  4 vault guards
  5 salamander tyrants
  2 peacekeepers
  Harold (Orc:1)
  An ice dragon (D:15)
  A catoblepas (Lair:5)
  A ghost crab (Swamp:4)
  An ogre mage (D:15)
  8 centaur warriors
  4 ironbound frosthearts
  10 death yaks
  9 anacondas
  6 boulder beetles
  24 naga warriors
  12 alligators
  5 two-headed ogres
  24 dancing weapons
  A deep troll shaman (Lair:5)
  3 tengu warriors
  8 naga sharpshooters
  4 orc high priests (Orc:2)
  19 deep elf knights
  8 shock serpents
  A soul eater (Gauntlet)
  6 skeletal warriors (WizLab)
  4 skysharks
  4 goliath frogs
  7 salamander mystics
  16 deep trolls
  4 bog bodies
  An orange crystal statue (IceCv)
  10 ironbound convokers
  11 swamp dragons
  4 naga ritualists
  6 wizards
  5 spriggan druids
  15 deep elf archers
  8 lindwurms
  A phantasmal warrior (Vaults:2)
  7 orc knights
  13 mana vipers
  42 deep elf zephyrmancers
  32 deep elf pyromancers
  3 necromancers
  A stone giant zombie (Vaults:1)
  4 orc sorcerers
  29 ugly things
  21 salamanders
  4 will-o-the-wisps
  2 oklob plants (D:10)
  A worldbinder (Gauntlet)
  5 cyclopes
  11 vault sentinels
  10 guardian serpents
  11 elephants
  3 torpor snails
  2 gargoyles
  12 naga magi
  25 black mambas
  4 kobold demonologists
  12 cane toads
  A yaktaur (shapeshifter) (Vaults:2)
  3 komodo dragons
  31 yaktaurs
  2 efreet
  3 tengu conjurers
  25 rime drakes
  A human skeleton (Vaults:1)
  16 polar bears
  9 trolls
  The ghost of zlionsfan the Firebug, an amateur DrFE of Sif Muna (D:6)
  10 hornets
  4 bloated husks
  8 tyrant leeches
  10 blink frogs
  7 dream sheep (Lair:5)
  A frost giant simulacrum (Vaults:1)
  An ettin zombie (Vaults:1)
  An air elemental (Elf:3)
  A stone giant simulacrum (Vaults:1)
  21 slime creatures
  An ettin skeleton (Vaults:1)
  3 shadows
  9 spriggans
  4 water elementals
  4 wraiths
  31 yaks
  4 vampires (WizLab)
  3 wyverns
  2 fire elementals (Elf:1)
  22 humans (D:13)
  A redback (Vaults:3)
  2 basilisks
  10 vampire mosquitoes
  Menkaure (D:6)
  3 wargs
  20 swamp worms
  47 nagas
  4 two-headed ogre zombies (WizLab)
  An acid dragon (D:14)
  16 water moccasins
  Duvessa (D:4)
  A glowing shapeshifter skeleton (Vaults:1)
  A sky beast (D:7)
  4 black bears
  47 orc warriors
  7 swamp drakes (Swamp:4)
  4 ice beasts
  8 ogres
  12 boggarts
  20 wolves
  12 centaurs
  2 phantoms
  3 kobold brigands
  4 gnoll sergeants (D:10)
  19 bullfrogs
  4 earth elementals
  6 scorpions
  An ogre simulacrum (Vaults:1)
  A glowing shapeshifter simulacrum (Vaults:1)
  26 wights
  Dowan (D:4)
  8 troll zombies (WizLab)
  12 killer bees
  7 howler monkeys
  An electric eel (Lair:4)
  3 jellies
  4 gnoll boudas (D:10)
  6 hounds
  21 orc priests
  Crazy Yiuf (D:5)
  3 iguanas
  31 orc wizards
  6 ogre zombies (WizLab)
  2 howler monkey zombies (D:8)
  4 adders
  41 gnolls
  4 shadow imps (Gauntlet)
  3 white imps
  3 worms
  12 dart slugs
  113 orcs
  3 bats
  7 endoplasms
  5 giant cockroaches
  16 hobgoblins
  7 jackals (D:10)
  15 kobolds
  6 quokkas
  8 ball pythons
  7 frilled lizards
  20 goblins
  3 rats
1554 creatures vanquished.

Vanquished Creatures (collateral kills)
  Nikola (Swamp:4)
  A hydra (Swamp:4)
  An ironbound frostheart (IceCv)
  2 swamp dragons (Swamp:4)
  An ugly thing (IceCv)
6 creatures vanquished.

Vanquished Creatures (others)
  A goliath frog (Swamp:2)
  A deep elf pyromancer (Elf:3)
  16 foxfires
18 creatures vanquished.

Grand Total: 1578 creatures vanquished

Notes
Turn   | Place    | Note
-------+----------+-------------------------------------------
     0 | D:1      | Lobster4 the Deep Elf Earth Elementalist began the quest
                  | for the Orb.
     0 | D:1      | Reached XP level 1. HP: 10/10 MP: 6/6
   211 | D:1      | Reached XP level 2. HP: 15/15 MP: 6/8
   214 | D:1      | Learned a level 2 spell: Passwall
   565 | D:1      | You fall into a shaft and drop 1 floor!
   946 | D:2      | Reached XP level 3. HP: 11/20 MP: 4/9
  1147 | D:2      | Found a shimmering altar of Xom.
  1394 | D:2      | Found a faded altar of an unknown god.
  1436 | D:3      | Learned a level 3 spell: Stone Arrow
  1496 | D:3      | Found an opulent altar of Gozag.
  1496 | D:3      | Found a blossoming altar of Fedhas.
  1529 | D:3      | Found an ancient bone altar of Kikubaaqudgha.
  1719 | D:3      | Reached XP level 4. HP: 21/24 MP: 7/11
  1860 | D:3      | Reached skill level 1 in Ranged Weapons
  2004 | D:3      | Reached skill level 1 in Short Blades
  2493 | D:4      | Reached skill level 1 in Armour
  2493 | D:4      | Reached XP level 5. HP: 19/28 MP: 7/12
  2653 | D:4      | Reached skill level 1 in Fighting
  2899 | D:4      | Reached skill level 1 in Evocations
  3105 | D:4      | Reached XP level 6. HP: 15/34 MP: 5/13
  3584 | D:4      | Noticed Duvessa
  3584 | D:4      | Noticed Dowan
  3610 | D:5      | Entered Level 5 of the Dungeon
  3664 | D:5      | Reached skill level 1 in Conjurations
  3820 | D:5      | Reached XP level 7. HP: 38/38 MP: 12/15
  4005 | D:5      | Reached skill level 5 in Earth Magic
  4337 | D:5      | Found a runed translucent door.
  4338 | D:5      | Noticed Crazy Yiuf
  4539 | D:5      | Reached skill level 1 in Throwing
  4695 | D:5      | Reached XP level 8. HP: 44/44 MP: 13/17
  5106 | D:6      | Found a transporter.
  5108 | D:6      | Noticed zlionsfan's ghost (amateur DrFE)
  5114 | D:6      | Found a transporter.
  5169 | D:6      | Reached skill level 5 in Spellcasting
  5226 | D:6      | Identified the ring "Qaire" {rC+ Dex+4 Stlth-}
  5242 | D:6      | Found a sparkling altar of Nemelex Xobeh.
  5284 | D:6      | Noticed Menkaure
  5287 | D:6      | Killed Menkaure
  5683 | D:6      | Found a white marble altar of Elyvilon.
  5761 | D:6      | Found a staircase to the Ecumenical Temple.
  5770 | Temple   | Entered the Ecumenical Temple
  5797 | Temple   | Became a worshipper of Vehumet
  6040 | D:7      | Reached skill level 5 in Stealth
  6133 | D:7      | Found a flagged portal.
  6162 | Bailey   | Entered a bailey
  6264 | Bailey   | Reached skill level 5 in Dodging
  6339 | Bailey   | Reached XP level 9. HP: 49/49 MP: 7/19
  6482 | Bailey   | Reached * piety under Vehumet
  6482 | Bailey   | Offered knowledge of Magic Dart by Vehumet.
  6490 | Bailey   | Learned a level 1 spell: Magic Dart
  7130 | Bailey   | Noticed an orc warlord
  7153 | Bailey   | Killed an orc warlord
  7409 | D:7      | Reached XP level 10. HP: 52/56 MP: 2/22
  7863 | D:7      | Reached ** piety under Vehumet
  8152 | D:7      | Offered knowledge of Foxfire by Vehumet.
  8675 | D:8      | Found a hazy altar of Hepliaklqana.
  8958 | D:8      | Reached skill level 5 in Conjurations
  9272 | D:8      | Found a basalt altar of Yredelemnul.
  9502 | D:8      | Offered knowledge of Mephitic Cloud by Vehumet.
  9508 | D:8      | Learned a level 3 spell: Mephitic Cloud
 10307 | D:9      | Noticed a boulder beetle
 10628 | D:9      | Reached skill level 1 in Poison Magic
 10741 | D:9      | Reached skill level 1 in Air Magic
 10747 | D:9      | Reached *** piety under Vehumet
 10902 | D:9      | Killed a boulder beetle
 10903 | D:9      | Reached XP level 11. HP: 62/62 MP: 11/25
 11204 | D:9      | Reached skill level 10 in Earth Magic
 11204 | D:9      | Offered knowledge of Olgreb's Toxic Radiance by Vehumet.
 11209 | D:9      | Noticed a sun demon
 11784 | D:9      | Reached skill level 5 in Fighting
 12015 | D:9      | Found Annuena's Distillery.
 12026 | D:9      | Bought a potion of lignification for 39 gold pieces
 12026 | D:9      | Bought a potion of ambrosia for 104 gold pieces
 12026 | D:9      | Bought a potion of curing for 39 gold pieces
 12026 | D:9      | Bought a potion of heal wounds for 65 gold pieces
 12030 | D:9      | Bought a potion of flight for 39 gold pieces
 12038 | D:9      | Learned a level 4 spell: Olgreb's Toxic Radiance
 12089 | D:10     | Entered Level 10 of the Dungeon
 12321 | D:10     | Reached **** piety under Vehumet
 12409 | D:10     | Learned a level 4 spell: Petrify
 12468 | D:10     | Offered knowledge of Fireball by Vehumet.
 13175 | D:10     | Noticed an oklob plant
 13175 | D:10     | Noticed an oklob plant
 13321 | D:10     | Found a sacrificial altar of Ru.
 13924 | D:10     | Found a staircase to the Lair.
 13971 | D:10     | Killed an oklob plant
 14052 | D:10     | Killed an oklob plant
 14137 | D:11     | Noticed a green ugly thing
 14142 | D:10     | Killed a green ugly thing
 14289 | D:11     | Learned a level 5 spell: Fireball
 14364 | D:11     | Reached skill level 1 in Shields
 14578 | D:11     | Reached ***** piety under Vehumet
 14595 | D:11     | Offered knowledge of Irradiate by Vehumet.
 14742 | D:11     | Found a staircase to the Orcish Mines.
 14884 | D:11     | Reached skill level 1 in Fire Magic
 14972 | Orc:1    | Entered Level 1 of the Orcish Mines
 15094 | Lair:1   | Entered Level 1 of the Lair of Beasts
 15220 | Lair:1   | Reached XP level 12. HP: 62/68 MP: 10/27
 15315 | Lair:1   | Found the +4 skin of Zhor {*Englaciate rC+++ SInv}
 15926 | Lair:1   | Acquired the staff of earth "Vaq Roonen" {Drain +Blink
                  | Str+6 Int+2}
 15928 | Lair:1   | Acquired the +9 staff of Olgreb {rPois∞}
 15928 | Lair:1   | Found the +9 staff of Olgreb {rPois∞}
 15988 | Lair:1   | Identified the +6 quarterstaff "Akulo" {venom, Str+3
                  | Stlth-}
 16311 | Lair:2   | Noticed a seven-headed hydra
 16666 | Lair:2   | Killed a seven-headed hydra
 16667 | Lair:2   | Reached skill level 1 in Staves
 16827 | Lair:2   | Noticed a seven-headed hydra
 16835 | Lair:2   | Killed a seven-headed hydra
 17619 | Lair:2   | Reached skill level 5 in Evocations
 17907 | Lair:3   | Found a staircase to the Snake Pit.
 18035 | Lair:3   | Reached skill level 10 in Spellcasting
 18116 | Lair:3   | Reached skill level 5 in Poison Magic
 18263 | Lair:3   | Found a staircase to the Swamp.
 18879 | Lair:3   | Reached XP level 13. HP: 74/74 MP: 19/29
 19431 | Lair:3   | Offered knowledge of Freezing Cloud by Vehumet.
 19438 | Lair:3   | Learned a level 5 spell: Freezing Cloud
 20210 | Lair:4   | Found a staircase to the Slime Pits.
 20210 | Lair:4   | Found a viscous altar of Jiyva.
 20533 | Lair:4   | Reached skill level 1 in Ice Magic
 20656 | Lair:4   | Acquired 1122 gold pieces
 21141 | Lair:5   | Entered Level 5 of the Lair of Beasts
 21286 | Lair:5   | Identified the +3 great mace "Utuhe" {pain, Str+3}
 21866 | Lair:5   | Noticed Josephine
 21881 | Lair:5   | Acquired the +0 pair of boots "Kososage" {rF+ rC- rN++
                  | Dex+2}
 21922 | Lair:5   | Noticed Rupert
 22008 | Lair:5   | Killed Rupert
 22202 | Lair:5   | HP: 3/75 [wyvern (11)]
 23833 | Lair:5   | Reached skill level 5 in Fire Magic
 24093 | Lair:5   | Reached XP level 14. HP: 68/80 MP: 20/31
 24177 | Lair:5   | Reached skill level 10 in Dodging
 24617 | Lair:5   | Offered knowledge of Lee's Rapid Deconstruction by Vehumet.
 24639 | Lair:5   | Learned a level 5 spell: Lee's Rapid Deconstruction
 25020 | Lair:5   | Killed Josephine
 25322 | D:4      | Killed Duvessa
 25347 | D:4      | Killed Dowan
 25751 | D:5      | Killed Crazy Yiuf
 26864 | Orc:1    | Found a runed translucent door.
 26951 | Orc:1    | Noticed Himoclorph's ghost (journeyman BaIE)
 26971 | Orc:2    | Entered Level 2 of the Orcish Mines
 27154 | Orc:2    | Found a runed translucent gate.
 27173 | Orc:2    | Found a runed translucent gate.
 27173 | Orc:2    | Found a runed translucent gate.
 27174 | Orc:2    | Found an opulent altar of Gozag.
 27175 | Orc:2    | Noticed Taurus's ghost (journeyman MiFi)
 27396 | Orc:2    | Reached skill level 5 in Staves
 27577 | Orc:2    | Found a staircase to the Elven Halls.
 28973 | Orc:2    | Noticed an orc warlord
 28990 | Orc:2    | Killed an orc warlord
 28991 | Orc:2    | Reached skill level 5 in Shields
 29683 | Orc:2    | Found Zoih's General Store.
 29684 | Orc:2    | Found Jyqas's Jewellery Emporium.
 29686 | Orc:2    | Found Coarphoyrph's Antique Armour Shoppe.
 29686 | Orc:2    | Found Suteath's Antique Weapon Shoppe.
 29979 | Orc:2    | Bought a runed helmet for 180 gold pieces
 29992 | Orc:2    | Bought a heavily runed leather armour for 168 gold pieces
 29992 | Orc:2    | Identified the +3 leather armour of Space {rF+ Regen+
                  | Int+4} (You bought it in a shop on level 2 of the Orcish
                  | Mines)
 30077 | Orc:1    | Noticed Harold
 30091 | Orc:1    | Offered knowledge of Eringya's Noxious Bog by Vehumet.
 30215 | Orc:1    | Killed Harold
 30483 | D:12     | Found a gate leading to a gauntlet.
 30488 | Gauntlet | Entered a Gauntlet
 30488 | Gauntlet | Found a large runed translucent door.
 30488 | Gauntlet | Found a large runed translucent door.
 30488 | Gauntlet | Found a large runed translucent door.
 30488 | Gauntlet | Found a large runed translucent door.
 30488 | Gauntlet | Found a runed translucent door.
 30488 | Gauntlet | Found a large runed translucent door.
 30488 | Gauntlet | Found a large runed translucent door.
 30488 | Gauntlet | Found a transporter.
 30488 | Gauntlet | Found a transporter.
 30488 | Gauntlet | Found a large runed translucent door.
 30488 | Gauntlet | Found a large runed translucent door.
 30488 | Gauntlet | Found a runed translucent gate.
 30488 | Gauntlet | Found a runed translucent gate.
 30488 | Gauntlet | Found a transporter.
 30488 | Gauntlet | Found a transporter.
 30492 | Gauntlet | Found a transporter.
 30502 | Gauntlet | Found a transporter.
 30561 | Gauntlet | Found a runed translucent door.
 30562 | Gauntlet | Found a large runed translucent door.
 30562 | Gauntlet | Found a large runed translucent door.
 30562 | Gauntlet | Found a large runed translucent door.
 30562 | Gauntlet | Found a large runed translucent door.
 30563 | Gauntlet | Found a large runed translucent door.
 30563 | Gauntlet | Found a large runed translucent door.
 30564 | Gauntlet | Found a large runed translucent door.
 30564 | Gauntlet | Found a large runed translucent door.
 30568 | Gauntlet | Found a transporter.
 30578 | Gauntlet | Found a transporter.
 30593 | Gauntlet | Found a transporter.
 30603 | Gauntlet | Found a transporter.
 30618 | Gauntlet | Found a transporter.
 30624 | Gauntlet | Found a transporter.
 30647 | Gauntlet | Found a runed translucent gate.
 30698 | Gauntlet | Learned a level 4 spell: Flame Wave
 30815 | Gauntlet | Identified the ring "Vuim" {rF+ Will+ Str+2 Slay+2}
 32928 | D:13     | Reached XP level 15. HP: 87/87 MP: 33/33
 33042 | D:13     | Identified the +2 pair of boots of Gifoim {+Inv rCorr SInv}
 33140 | D:13     | Found a gate to the Vaults.
 33280 | D:13     | Identified the +1 shortbow "Blob" {flame, +Blink rC+ Will+}
 33647 | D:14     | Reached skill level 10 in Conjurations
 34785 | D:15     | Entered Level 15 of the Dungeon
 34830 | D:15     | Reached skill level 15 in Earth Magic
 35055 | D:15     | Found a frozen archway.
 35174 | IceCv    | Entered an ice cave
 35199 | IceCv    | Offered knowledge of Plasma Beam by Vehumet.
 35842 | IceCv    | Got the Collected Works on the Snowflakes
 36003 | IceCv    | Noticed a shard shrike
 36120 | IceCv    | Killed a shard shrike
 37291 | D:15     | Identified the +0 scale mail "Namaan" {Fly Int+2}
 37457 | D:15     | Found a staircase to the Depths.
 37631 | D:15     | Found a hide-covered altar of Uskayaw.
 37763 | D:15     | Reached XP level 16. HP: 94/94 MP: 18/35
 38402 | Snake:1  | Entered Level 1 of the Snake Pit
 38909 | Snake:1  | Learned a level 6 spell: Plasma Beam
 40185 | Snake:2  | You fall into a shaft and drop 1 floor!
 41041 | Snake:3  | Found Erghoeta's Armour Shoppe.
 41312 | Snake:3  | Identified the +0 chain mail of Uffeloi {rN+ Int+6}
 41318 | Snake:3  | Offered knowledge of Orb of Destruction by Vehumet.
 41347 | Snake:3  | Learned a level 7 spell: Orb of Destruction
 41479 | Snake:3  | Found a runed translucent door.
 41479 | Snake:3  | Noticed Dadghomedgh's ghost (adept GnHW)
 42355 | Snake:4  | Entered Level 4 of the Snake Pit
 43167 | Snake:4  | Reached XP level 17. HP: 100/100 MP: 20/37
 43323 | Snake:4  | Reached skill level 10 in Stealth
 43356 | Snake:4  | Reached ****** piety under Vehumet
 43560 | Snake:4  | Reached skill level 5 in Armour
 43964 | Snake:4  | Offered knowledge of Iron Shot by Vehumet.
 43976 | Snake:4  | Learned a level 6 spell: Iron Shot
 44858 | Snake:4  | Noticed Agnes
 44862 | Snake:4  | Killed Agnes
 44869 | Snake:4  | Noticed Vashnia
 44874 | Snake:4  | Reached skill level 5 in Air Magic
 44967 | Snake:4  | Killed Vashnia
 45527 | Snake:4  | Noticed Asterion
 45678 | Snake:4  | Reached skill level 15 in Spellcasting
 45837 | Snake:4  | Killed Asterion
 46714 | Snake:4  | Got a serpentine rune of Zot
 47041 | Swamp:1  | Entered Level 1 of the Swamp
 47045 | Swamp:1  | Noticed Aizul
 47065 | Lair:3   | Killed Aizul
 47839 | Swamp:1  | Noticed Frances
 47850 | Swamp:1  | Killed Frances
 48595 | Swamp:2  | Found a transporter.
 48602 | Swamp:2  | Offered knowledge of Fire Storm by Vehumet.
 48602 | Swamp:2  | Offered knowledge of Shatter by Vehumet.
 48602 | Swamp:2  | Offered knowledge of Chain Lightning by Vehumet.
 48931 | Swamp:2  | Found a transporter.
 49219 | Swamp:2  | Identified the +10 great sword "Poor" {heavy, +Blink Dex+3}
 49597 | Swamp:2  | Reached XP level 18. HP: 95/107 MP: 13/39
 50228 | Swamp:3  | Noticed Jorgrun
 50236 | Swamp:3  | Killed Jorgrun
 50453 | Swamp:3  | Identified the +8 whip "Miwka" {protect, *Rage Str+3}
 50630 | Swamp:3  | Noticed a tentacled monstrosity
 50635 | Swamp:3  | Killed a tentacled monstrosity
 51208 | Swamp:4  | Entered Level 4 of the Swamp
 51744 | Swamp:4  | Reached skill level 10 in Fighting
 51918 | Swamp:4  | Noticed Mlioglotl
 51923 | Swamp:4  | Killed Mlioglotl
 52655 | Swamp:4  | Noticed Nikola
 52666 | Swamp:4  | Killed Nikola
 53105 | Swamp:4  | Got a decaying rune of Zot
 53460 | Elf:1    | Entered Level 1 of the Elven Halls
 55775 | Elf:2    | Reached XP level 19. HP: 113/113 MP: 8/42
 56296 | Elf:2    | Found Akocw's Antique Weapon Boutique.
 57100 | Elf:2    | Found a runed translucent gate.
 57120 | Elf:2    | Found a runed translucent gate.
 57120 | Elf:2    | Found a runed translucent gate.
 57659 | Elf:3    | Entered Level 3 of the Elven Halls
 57946 | Elf:3    | Reached skill level 15 in Dodging
 58605 | Elf:3    | Found a radiant altar of Vehumet.
 59279 | Elf:3    | Identified the +8 plate armour of Orghelut {rElec rF+ SInv}
 59402 | Elf:3    | Identified the ring "Jiogodd" {rF+ Will- Str+5 Stlth+}
 59414 | Elf:3    | Identified the +7 battleaxe of Genih {drain, rF+ MP+9}
 59421 | Elf:3    | Noticed a Tzitzimitl
 59422 | Elf:3    | Noticed a Brimstone Fiend
 59837 | Elf:3    | Identified the +6 scale mail of Huuzem {rF+ rC+ Will+
                  | Regen+ Slay+2}
 60417 | Elf:3    | Got the Verses on Conflagration
 60421 | Elf:3    | Got the Precepts of Terrain and the Mausoleum
 60440 | Elf:3    | Identified the staff of fire "Omungoki" {rF+ Dex+2}
 60442 | Elf:3    | Identified the staff of fire "Tuubuil" {rPois rF+ rCorr
                  | Int+3 Dex+3}
 60518 | Elf:3    | Identified the +1 scale mail of the Wheelwright {Will+}
 61546 | D:6      | Killed zlionsfan's ghost
 61732 | Orc:1    | Killed Himoclorph's ghost
 61851 | Orc:2    | Killed Taurus's ghost
 61855 | Orc:2    | Reached XP level 20. HP: 120/120 MP: 5/45
 62304 | Swamp:2  | Identified the +2 hat "Lucefuy" {*Slow rC+ rN+++}
 62306 | Swamp:2  | Identified the ring of Xoibogor {rC+ rN+}
 62447 | Snake:3  | Killed Dadghomedgh's ghost
 62738 | Vaults:1 | Entered Level 1 of the Vaults
 63680 | Vaults:1 | Learned a level 9 spell: Shatter
 64502 | Vaults:2 | Noticed Mara
 66083 | Vaults:2 | Acquired 810 gold pieces
 66256 | Vaults:2 | Noticed Lobster4's illusion
 66262 | Vaults:2 | Noticed Lobster4's illusion
 66268 | Vaults:2 | Killed Mara
 66489 | Vaults:3 | Found a magical portal.
 66503 | WizLab   | Entered Zonguldrok's Shrine
 66904 | WizLab   | Noticed an antique lich
 66909 | WizLab   | Killed an antique lich
 66947 | WizLab   | Found the +9 sword of Zonguldrok {reap}
 66968 | WizLab   | Got the Precepts of the Shifting Shift
 67137 | Vaults:3 | Found Ohunier's Antique Armour Emporium.
 67145 | Vaults:3 | Bought a blackened leather armour for 210 gold pieces
 67145 | Vaults:3 | Identified the +0 leather armour of the Carpenter {Rampage
                  | Regen+} (You bought it in a shop on level 3 of the Vaults)
 67189 | Vaults:3 | Identified the +0 leather armour "Qenoiso" {Harm rPois
                  | Slay-5}
 67232 | Vaults:3 | Reached XP level 21. HP: 104/125 MP: 10/47
 67562 | Vaults:3 | Found a staircase to the Crypt.
 67562 | Vaults:3 | Found an ancient bone altar of Kikubaaqudgha.
 67563 | Vaults:3 | Found a basalt altar of Yredelemnul.
 67835 | Vaults:3 | Found a portal to a secret trove of treasure.
 67870 | Vaults:3 | You paid a toll of 17 potions of curing to enter a treasure
                  | trove
 67871 | Trove    | Entered a treasure trove
 67889 | Trove    | Identified the +1 pair of boots of Douter {Will+ Str+2
                  | Dex-5 Slay+2}
 67891 | Trove    | Identified the +0 cloak of Asuh {-Tele rPois Will+}
 68215 | Vaults:3 | Noticed Mennas
 68248 | Vaults:3 | HP: 6/126 [Mennas/+1 eudemon blade of holy wrath (17)]
 68250 | Vaults:3 | Slain by Mennas

Illustrated notes

Levels and vault maps discovered:
D:1:      heliophobic_arrival_dark_side_of_the_moon, layout_loops_ring,
          serial_bayou_ford_a, minmay_misc_feat_cross
D:2:      layout_rooms, dreamdust_ecumenical_altar_angels_and_demons,
          basic_altar, wad_floor_pattern_2
D:3:      layout_loops_ring, mainiacjoe_overflow_tiny_flanked,
          gammafunk_temple_overflow_pools, patterned_corridor
D:4:      kennysheep_slugbush, layout_basic, uniq_duvessa
D:5:      layout_loops_ring, minmay_bent, uniq_crazy_yiuf_cottage
D:6:      layout_loops_cross, elyvilon_altar_1, nemelex_spade_bored_becter,
          minmay_temple_entry_nine_rooms, gammafunk_ghost_arena, uniq_menkaure
D:7:      layout_cave_pools, enter_bailey_3
D:8:      layout_layer_cave, mainiacjoe_overflow_small_starburst,
          lemuel_zombie_altar_yredelemnul
D:9:      layout_loops_ring, serial_shops, nicolae_lakefront_shop
D:10:     layout_big_octagon, nicolae_ru_path_of_blood, dpeg_oklobed_lair,
          serial_gnoll_camp, gnoll_camp_mini_hut, gnoll_camp_mini_basic,
          gnoll_camp_medium_02, gnoll_camp_mini_loothouse, gnoll_camp_mini_hut,
          gnoll_camp_huts_basic, st_stairs_12
D:11:     layout_roguey, david_orc_1_choice, chequers_serial_rivers_micro_b,
          grunt_ministairs_6, minmay_circle_x
D:12:     layout_small_grid, gauntlet_entry_generic, bh_walls_and_bars
D:13:     layout_roguey, grunt_vaults_entry_tiered
D:14:     layout_rooms
D:15:     grunt_enter_depths_giant_problem, layout_irregular_city,
          portal_ice_cave_entry_dragon, nicolae_uskayaw_murder_on_the_dancefloor
Temple:   nicolae_temple_ecumenical_triangle
Lair:1:   layout_roguey, hellmonk_guarded_unrand_zhor
Lair:2:   layout_misc_corridors, lemuel_fruit_fields
Lair:3:   wad_woods_structure_01, layout_regular_city, swamp_mist_pool,
          minmay_snake_entry_guardpost_small, st_stairs_9
Lair:4:   layout_gridlike, slime_entry_1, serial_bayou_shore_a,
          infiniplex_staircase_pool, lemuel_fruit_fields
Lair:5:   grunt_lair_end_beastmaster, layout_regular_city, lemuel_fruit_fields,
          uniq_josephine, uniq_rupert
Swamp:1:  layout_basic_swamp, hangedman_swamp_blocks, swamp_pool2, uniq_aizul,
          uniq_frances
Swamp:2:  gammafunk_worm_tunnel, layout_falls_marsh, evilmike_swamp_ruin_house_1
Swamp:3:  layout_falls_marsh, evilmike_swamp_ruin_house_4, uniq_jorgrun
Swamp:4:  swamp, layout_basic_swamp, swamp_pool4, uniq_nikola, uniq_mlioglotl
Snake:1:  layout_cave_shapes, st_stairs_4
Snake:2:  layout_misc_corridors, grunt_megastairs_2
Snake:3:  layout_misc_corridors, serial_shops, shop, gammafunk_ghost_grave,
          statue_in_the_mist_lemuel, drop_trap
Snake:4:  snake_pit_salamanders_mu, layout_cave_town, uniq_vashnia,
          uniq_asterion, uniq_agnes
Orc:1:    layout_diamond_mine, ebering_ghost_reflecting_pool,
          minmay_orc_temple_a, uniq_harold
Orc:2:    st_orc_congregation, layout_diamond_mine, ebering_ghost_gozag,
          library_closet
Elf:1:    eino_elf_arrival_shootout, layout_loops_corners, minivault_28,
          minivault_20, roderic_roman_lattice
Elf:2:    nicolae_elf_blades_crystal_corner, layout_gridlike, serial_shops,
          shop, corexii_checkpoint_a
Elf:3:    minmay_elf_hall_statues, layout_gridlike, basic_altar,
          lemuel_flame_loot_1, grunt_megastairs_5
Vaults:1: nicolae_vaults_trapezoid_2, ontoclasm_vaults_bender,
          nicolae_vaults_trapezoid_lopsided_4, nicolae_vaults_triangles,
          v_pattern_1, v_misc_27, nicolae_vaults_apartment_1,
          nicolae_vaults_wine_cellar, nicolae_vaults_display_case,
          nicolae_vaults_trapezoid_layered, vaults_room_door_hall,
          nicolae_vaults_alarming, vaults_dpeg_emergency_exit,
          nicolae_vaults_tetromino_L_1, serial_ice_b, layout_vaults_ring,
          serial_glass
Vaults:2: v_misc_23, v_rooms_5, nicolae_vaults_oval_intersection,
          grunt_vaults_hallway_long, nicolae_vaults_stairing_the_circle,
          nicolae_vaults_layer_cake_slice, st_star, v_rooms_3,
          nicolae_vaults_more_shelving_2, layout_vaults_omnibox, serial_glass,
          uniq_mara
Vaults:3: infiniplex_enter_wizlab_water, nicolae_vaults_sesquioval_fish,
          nicolae_vaults_three_branches, nicolae_vaults_double_plus_3,
          minmay_crypt_entry_necro_gods, vaults_dpeg_cross,
          nicolae_vaults_double_plus_2, v_misc_8, vaults_standard_mumra_x,
          ontoclasm_vaults_pinch, nicolae_vaults_surprise_closet, v_misc_31,
          layout_vaults_omnigrid, enter_trove_0, serial_shops,
          nicolae_shop_advertising_works [nicolae_subvault_shop_adworks],
          uniq_mennas

Skill      XL: |  1  2  3  4  5  6  7  8  9 10 11 12 13 14 15 16 17 18 19 20 21 |
---------------+----------------------------------------------------------------+-----
Ranged Weapons | 1 2 3 |  3.0
Short Blades   | 1 2 |  2.0
Dodging        | 3 4 5 6 7 8 9 11 12 13 14 15 16 | 16.3
Earth Magic    | 4 5 6 8 9 10 11 12 14 15 16 17 18 19 20 | 20.7
Armour         | 1 2 3 4 5 6 |  6.9
Stealth        | 3 4 5 6 8 9 10 | 10.0
Fighting       | 1 2 3 4 5 6 7 8 9 10 11 | 11.7
Evocations     | 1 2 3 4 5 6 |  6.0
Transmutations | 2 |  2.0
Spellcasting   | 4 5 7 8 9 10 11 12 13 14 15 17 19 20 | 20.4
Conjurations   | 1 2 3 4 5 6 7 8 9 11 12 13 14 | 14.6
Throwing       | 1 2 |  2.0
Poison Magic   | 1 3 5 |  5.0
Air Magic      | 1 3 4 5 7 |  7.7
Shields        | 1 2 4 5 6 7 8 9 |  9.0
Fire Magic     | 1 3 5 6 7 |  7.8
Staves         | 2 4 5 6 7 |  7.0
Ice Magic      | 3 |  3.0

Action                     |  1- 3 |  4- 6 |  7- 9 | 10-12 | 13-15 | 16-18 | 19-21 || total
---------------------------+-------+-------+-------+-------+-------+-------+-------++-------
  Melee: Short sword       |       |       |       |    25 |       |       |       ||    25
         Staff             |       |       |       |    12 |    94 |    79 |   191 ||   376
  Throw: Dart              |       |       |    12 |     8 |       |       |       ||    20
   Cast: Sandblast         |    65 |    97 |   151 |    52 |    40 |    42 |    21 ||   468
         Stone Arrow       |       |       |    44 |   396 |   751 |   348 |    59 ||  1598
         Magic Dart        |       |       |    28 |   150 |   107 |    53 |    17 ||   355
         Mephitic Cloud    |       |       |       |    15 |    12 |       |       ||    27
         Olgreb's Toxic Ra |       |       |       |     2 |       |       |       ||     2
         Petrify           |       |       |       |     1 |       |     1 |       ||     2
         Freezing Cloud    |       |       |       |       |    25 |    85 |    25 ||   135
         Flame Wave        |       |       |       |       |    21 |    12 |     2 ||    35
         Passwall          |       |       |       |       |     1 |       |       ||     1
         Lee's Rapid Decon |       |       |       |       |     2 |       |     7 ||     9
         Fireball          |       |       |       |       |     1 |     1 |     2 ||     4
         Orb of Destructio |       |       |       |       |       |    18 |    17 ||    35
         Iron Shot         |       |       |       |       |       |   324 |   505 ||   829
         Plasma Beam       |       |       |       |       |       |     5 |    17 ||    22
Ability: Evoke the Staff o |       |       |       |     4 |    63 |     6 |    19 ||    92
  Evoke: Wand              |       |       |     1 |     1 |    11 |       |     1 ||    14
         Box of beasts     |       |       |       |       |     1 |     1 |     1 ||     3
         Phantom mirror    |       |       |       |       |     1 |       |       ||     1
    Use: Scroll            |       |     8 |     6 |    12 |    19 |     7 |     6 ||    58
         Potion            |       |       |     1 |     1 |     5 |     3 |     7 ||    17
   Stab: Confused          |       |       |       |     1 |       |       |       ||     1
 Armour: Robe              |     4 |     7 |     8 |     6 |       |       |       ||    25
         Skin              |       |       |       |     1 |       |       |       ||     1
         Troll leather arm |       |       |       |     4 |       |       |       ||     4
         Animal skin       |       |       |       |     7 |    45 |    53 |    33 ||   138
  Dodge: Dodged            |    10 |    28 |    40 |   133 |   184 |   272 |   259 ||   926
  Block: Buckler           |       |       |       |    25 |   141 |   170 |    90 ||   426
         Reflection        |       |       |       |     1 |    20 |    34 |    18 ||    73
